 Dungeon Crawl Stone Soup version 0.28.0-53-g5a82cb258f (webtiles) character file.

Game seed: 11000960771260381035

849901 protoss039 the Slayer (level 27, -5/326 HPs)
             Began as a Demonspawn Earth Elementalist on June 3, 2022.
             Was the Champion of Vehumet.
             Slain by a profane servitor
             ... wielding a +1 demon whip of electrocution
              (7 damage)
             ... on level 6 of Tartarus on June 7, 2022.
             The game lasted 05:51:23 (88741 turns).

protoss039 the Slayer (DsEE)                       Turns: 88741, Time: 05:51:25

Health: -5/326     AC: 23    Str: 18    XL:     27
Magic:  0/51       EV: 12    Int: 40    God:    Vehumet [******]
Gold:   8046       SH: 21    Dex: 17    Spells: 11/74 levels left

rFire   + + .      SeeInvis +   b - +10 falchion "Afuhaeh" {speed, rF+ rC+ Dex+2 Stlth-}
rCold   + + +      Faith    .   l - +5 kite shield {reflect}
rNeg    + + +      Spirit   +   f - +3 leather armour {rC+ rF+}
rPois   ∞          Reflect  +   o - +3 crown of Dyrovepreva {rElec Int+2 SInv}
rElec   +          Harm     .   L - +0 cloak "Fiecim" {Will+ Str+4 Dex-4}
rCorr   +          Rampage  .   (gloves unavailable)
Will    ++++.                   y - +0 pair of boots "Keanahoth" {Dex+3}
Stlth   +.........              D - amulet of the Cuttlefish {*Slow +Inv Fly Will+++ Regen+}
HPRegen 1.44/turn               d - ring "Kufor" {rC+ Will+ rCorr Int+3}
MPRegen 0.64/turn               Q - +6 ring of intelligence

@: lich-form, flying, slowed, wreathed by umbra, studying 3 skills, weak-willed,
very slow
A: draining attack, torment immunity, no potions, rugged brown scales 3, ignite
blood 3, robust 3, magic shield, magic regeneration, magic link, demonic touch
3, agile 1, strong 2, noise suppression
}: 6/15 runes: decaying, serpentine, slimy, silver, icy, abyssal
a: End Transformation, Renounce Religion, Evoke Invisibility


You were on level 6 of Tartarus.
You worshipped Vehumet.
Vehumet was exalted by your worship.
You were an undead lich.
You visited 16 branches of the dungeon, and saw 75 of its levels.
You visited Pandemonium 1 time, and saw 3 of its levels.
You visited the Abyss 1 time.
You also visited: Sewer, Bailey, Gauntlet and Ice Cave.

You collected 14200 gold pieces.
You spent 6154 gold pieces at shops.

Inventory:

Hand Weapons
 a - the +6 long sword "Nufath" {venom, rC+ Int+4 SInv}
   (You found it on level 4 of the Snake Pit)

   It poisons the flesh of those it strikes.
   Int:       It affects your intelligence (+4).
   rC:        It protects you from cold.
   SInv:      It lets you see invisible.
 b - the +10 falchion "Afuhaeh" (weapon) {speed, rF+ rC+ Dex+2 Stlth-}
   (You found it in a Gauntlet)

   Attacks with this weapon are significantly faster.
   Dex:       It affects your dexterity (+2).
   rF:        It protects you from fire.
   rC:        It protects you from cold.
   Stlth:     It makes you less stealthy.
Missiles
 q - 6 throwing nets (quivered)
Armour
 e - the +1 robe of the Sun {+Inv rCorr Int+3}
   (You found it on level 3 of the Elven Halls)

   Int:       It affects your intelligence (+3).
   +Inv:      It lets you turn invisible.
   rCorr:     It protects you from acid and corrosion.
 f - a +3 leather armour of resistance (worn)
 l - a +5 kite shield of reflection (worn)
 o - the +3 crown of Dyrovepreva (worn) {rElec Int+2 SInv}
   (You found it on level 3 of the Elven Halls)

   Int:       It affects your intelligence (+2).
   rElec:     It insulates you from electricity.
   SInv:      It lets you see invisible.
 y - the +0 pair of boots "Keanahoth" (worn) {Dex+3}
   (You found it on level 2 of the Depths)

   Dex:       It affects your dexterity (+3).
 L - the +0 cloak "Fiecim" (worn) {Will+ Str+4 Dex-4}
   (You found it on level 3 of the Elven Halls)

   Str:       It affects your strength (+4).
   Dex:       It affects your dexterity (-4).
   Will:      It increases your willpower.
Magical Staves
 Y - a staff of earth
Jewellery
 c - a ring of wizardry
 d - the ring "Kufor" (left hand) {rC+ Will+ rCorr Int+3}
   (You found it in an ice cave)

   [ring of protection from cold]

   Int:       It affects your intelligence (+3).
   rC:        It protects you from cold.
   rCorr:     It protects you from acid and corrosion.
   Will:      It increases your willpower.
 m - the ring "Woil" {rF- rN+ Str+6 Int+2 Dex+2}
   (You took it off a deep elf annihilator on level 3 of the Elven Halls)

   [ring of strength]

   Str:       It affects your strength (+6).
   Int:       It affects your intelligence (+2).
   Dex:       It affects your dexterity (+2).
   rF:        It makes you vulnerable to fire.
   rN:        It protects you from negative energy.
 D - the amulet of the Cuttlefish (around neck) {*Slow +Inv Fly Will+++ Regen+}
   (You found it in a Gauntlet)

   [amulet of regeneration]

   +Inv:      It lets you turn invisible.
   Fly:       It grants you flight.
   Regen:     It increases your rate of health regeneration.
   *Slow:     It may slow you when you take damage.
   Will:      It greatly increases your willpower.
 O - the ring "Jizxef" {Fly rN+ MP+9 Slay-4}
   (You found it on level 3 of the Crypt)

   [ring of positive energy]

   Slay:      It affects your accuracy & damage with ranged weapons and melee
   (-4).
   rN:        It protects you from negative energy.
   MP:        It affects your magic capacity (+9).
   Fly:       It grants you flight.
 Q - a +6 ring of intelligence (right hand)
Wands
 G - a wand of digging (26)
 H - a wand of iceblast (51)
 N - a wand of acid (31)
Scrolls
 n - 4 scrolls of enchant armour
 r - 4 scrolls of torment
 w - 13 scrolls of fear
 x - 11 scrolls of immolation
 F - 3 scrolls of magic mapping
 J - 3 scrolls of silence
 M - 11 scrolls of fog
 T - a scroll of summoning
 X - a scroll of amnesia
 Z - 21 scrolls of teleportation
Potions
 g - 4 potions of haste
 i - 16 potions of heal wounds
 j - 7 potions of might
 p - 28 potions of curing
 s - 9 potions of magic
 t - 4 potions of cancellation
 u - 4 potions of invisibility
 B - 5 potions of resistance
 I - 2 potions of mutation
 K - 2 potions of ambrosia
 U - 5 potions of brilliance
Miscellaneous
 C - a phantom mirror
 R - a condenser vane


   Skills:
 - Level 24.0 Fighting
 - Level 15.0 Armour
 - Level 3.0 Dodging
 - Level 3.0 Stealth
 + Level 20.5 Shields
 - Level 24.0 Spellcasting
 + Level 17.9 Conjurations
 - Level 18.0 Necromancy
 - Level 1.0 Translocations
 - Level 15.0 Transmutations
 - Level 15.0 Fire Magic
 - Level 1.0 Air Magic
 + Level 21.7 Earth Magic
 - Level 1.0 Evocations


You had 11 spell levels left.
You knew the following spells:

 Your Spells              Type           Power      Damage    Failure   Level
a - Necromutation         Tmut/Necr      66%        N/A       4%          8
b - Passwall              Tmut/Erth      95%        N/A       0%          2
d - Swiftness             Air            54%        N/A       1%          3
e - Fire Storm            Conj/Fire      54%        8d14      19%         9
f - Ignition              Fire           53%        3d15      2%          8
g - Shatter               Erth           61%        3d45*     2%          9
h - Freezing Cloud        Conj/Ice/Air   39%        6-21      1%          5
i - Borgnjor's Vile Clut  Necr/Erth      71%        N/A       0%          5
j - Iron Shot             Conj/Erth      59%        9d11      1%          6
k - Lehudib's Crystal Sp  Conj/Erth      59%        10d14     1%          8

Your spell library contained the following spells:

 Spells                   Type           Power      Damage    Failure   Level
 Maxwell's Capacitive Co  Air            27%        ∞         99%         8
 Animate Skeleton         Necr           100%       N/A       0%          1
 Beastly Appendage        Tmut           100%       N/A       0%          1
 Magic Dart               Conj           100%       1d8       0%          1
 Pain                     Necr           100%       1d9       0%          1
 Sandblast                Erth           100%       2d20      0%          1
 Shock                    Conj/Air       100%       1d9       0%          1
 Scorch                   Fire           100%       2d10      0%          2
 Static Discharge         Conj/Air       89%        N/A       0%          2
 Sublimation of Blood     Necr           100%       N/A       0%          2
 Wereblood                Tmut           100%       N/A       0%          2
 Conjure Flame            Conj/Fire      100%       6-21      0%          3
 Stone Arrow              Conj/Erth      100%       3d13      0%          3
 Animate Dead             Necr           68%        N/A       0%          4
 Dispel Undead            Necr           100%       3d31      0%          4
 Flame Wave               Conj/Fire      100%       2d17      0%          4
 Petrify                  Tmut/Erth      100%       N/A       0%          4
 Sticky Flame             Conj/Fire      100%       2d11      0%          4
 Agony                    Necr           100%       N/A       0%          5
 Excruciating Wounds      Necr           68%        N/A       0%          5
 Fireball                 Conj/Fire      54%        3d21      0%          5
 Irradiate                Conj/Tmut      54%        3d32      0%          5
 Iskenderun's Battlesphe  Conj           100%       2d15      0%          5
 Freeze                   Ice            100%       1d11      1%          1
 Sting                    Tmut/Pois      100%       1d8       1%          1
 Call Imp                 Summ           48%        N/A       1%          2
 Corpse Rot               Necr/Air       100%       N/A       1%          2
 Ensorcelled Hibernation  Hex/Ice        96%        N/A       1%          2
 Poisonous Vapours        Pois/Air       100%       N/A       1%          2
 Dazzling Flash           Conj/Hex       100%       N/A       1%          3
 Frozen Ramparts          Ice            96%        1d11      1%          3
 Ignite Poison            Fire/Tmut/Pois 91%        N/A       1%          3
 Inner Flame              Hex/Fire       82%        N/A       1%          3
 Mephitic Cloud           Conj/Pois/Air  78%        N/A       1%          3
 Ozocubu's Armour         Ice            48%        N/A       1%          3
 Spider Form              Tmut/Pois      82%        N/A       1%          3
 Tukima's Dance           Hex            48%        N/A       1%          3
 Airstrike                Air            27%        N/A       1%          4
 Anguish                  Hex/Necr       55%        N/A       1%          4
 Animate Armour           Summ/Erth      100%       N/A       1%          4
 Hailstorm                Conj/Ice       88%        3d18      1%          4
 Ice Form                 Ice/Tmut       82%        N/A       1%          4
 Iskenderun's Mystic Bla  Conj/Tloc      89%        2d17      1%          4
 Olgreb's Toxic Radiance  Pois           48%        N/A       1%          4
 Blade Hands              Tmut           53%        N/A       1%          5
 Lightning Bolt           Conj/Air       44%        1d64      1%          5
 Yara's Violent Unravell  Hex/Tmut       41%        3d16      1%          5
 Conjure Ball Lightning   Conj/Air       44%        3x3d15    1%          6
 Death Channel            Necr           68%        N/A       1%          6
 Starburst                Conj/Fire      54%        6d15      1%          6
 Statue Form              Tmut/Erth      76%        N/A       1%          6
 Dragon Form              Tmut           53%        N/A       1%          7
 Orb of Destruction       Conj           56%        9d14      1%          7
 Simulacrum               Ice/Necr       55%        N/A       2%          6
 Borgnjor's Revivificati  Necr           68%        N/A       2%          8
 Passage of Golubria      Tloc           54%        N/A       4%          4
 Summon Lightning Spire   Summ/Air       51%        N/A       4%          4
 Spellforged Servitor     Conj/Summ      44%        N/A       4%          7
 Cause Fear               Hex            24%        N/A       6%          4
 Summon Ice Beast         Ice/Summ       48%        N/A       6%          4
 Haunt                    Necr/Summ      55%        N/A       13%         7
 Silence                  Hex/Air        25%        N/A       14%         5
 Metabolic Englaciation   Hex/Ice        24%        N/A       17%         5
 Summon Mana Viper        Hex/Summ       48%        N/A       17%         5
 Storm Form               Tmut/Air       42%        N/A       21%         7
 Death's Door             Necr           68%        N/A       36%         9
 Dispersal                Tloc           27%        N/A       54%         6
 Summon Cactus Giant      Summ           24%        N/A       67%         6
 Ozocubu's Refrigeration  Ice            24%        4d9       75%         7
 Chain Lightning          Conj/Air       44%        3d59      95%         9
 Monstrous Menagerie      Summ           24%        N/A       99%         7
 Summon Hydra             Summ           24%        N/A       99%         7
 Discord                  Hex            24%        N/A       100%        8
 Disjunction              Tloc           27%        N/A       100%        8
 Dragon's Call            Summ           24%        N/A       100%        9
 Polar Vortex             Ice            24%        N/A       100%        9


Dungeon Overview and Level Annotations

Branches:
Dungeon (15/15)            Temple (1/1) D:6            Lair (6/6) D:10
  Swamp (4/4) Lair:4        Snake (4/4) Lair:2        Slime (5/5) Lair:6
    Orc (2/2) D:12            Elf (3/3) Orc:2        Vaults (5/5) D:14
  Crypt (3/3) Vaults:2       Tomb (0/3) Crypt:3      Depths (4/4) D:15
   Hell (visited)             Dis (6/7) Hell            Geh (0/7) Hell
    Coc (7/7) Hell            Tar (3/7) Hell            Zot (5/5) Depths:4
  Sewer (visited)          Bailey (visited)           IceCv (visited)
Gauntlet (visited)

Altars:
Ashenzari
Cheibriados
Dithmenos
Elyvilon
Fedhas
Gozag
Hepliaklqana
Kikubaaqudgha
Makhleb
Nemelex Xobeh
Okawaru
Qazlal
Ru
Sif Muna
Trog
Uskayaw
Vehumet
Wu Jian
Xom
Yredelemnul
Zin
The Shining One
Jiyva

Shops:
D:9 (   D:14 *(:   Orc:2 :*(:   Elf:1 ==!(:(   Snake:1 :[(?   Vaults:4 =
Depths:4 ==:(

Portals:
Hell: Depths:1 Depths:2 Depths:3 Depths:4
Abyss: Depths:2 Depths:3
Pandemonium: Depths:2
Ziggurat: Depths:2
Trove: D:11 (give 7 potions of haste)


Innate Abilities, Weirdness & Mutations

You are an undead lich.
Your unarmed attacks are suffused with negative energy.
You are immune to unholy pain and torment.
Your necromantic spells are more powerful.
You cannot drink.
You are immune to poison.
You are completely covered in rugged brown scales. (AC +3, +7% HP)
Your demonic aura causes all spilled blood to erupt in flames.
You are extremely robust. (+30% HP)
When hurt, damage is shared between your health and your magic reserves.
You regenerate magic rapidly.
When low on magic, you restore magic in place of health.
Your touch may irresistibly damage your foes and sap their willpower.
You are agile. (Dex +2)
Your muscles are very strong. (Str +4)
You passively dampen the noise of your surroundings.


Message History

The zombie hands constrict the reaper!!
The spectral shard shrike claws you.
You block the spectral shard shrike's attack. x2
The reaper whispers, "Time's up, protoss039!"
The reaper escapes!
You block the spectral shard shrike's attack.
The reaper hits you from afar with a +2 scythe of protection!!
* * * LOW HITPOINT WARNING * * *
Okay, then.
Okay, then.
Press: ? - help, v - describe, . - travel
Here: a spectral shard shrike (lightly damaged, umbra)
The floor.
Okay, then.
Press: ? - help, v - describe, . - travel
Here: a spectral shard shrike (lightly damaged, umbra)
The floor.
Okay, then.
Okay, then.
Okay, then.
Okay, then.
Okay, then.
Okay, then.
Okay, then.
Press: ? - help, v - describe, . - travel
Here: a spectral shard shrike (lightly damaged, umbra)
The floor.
Press: ? - help, v - describe, . - travel
Here: a spectral shard shrike (lightly damaged, umbra)
The floor.
Okay, then.
Okay, then.
Okay, then.
Your surroundings seem slightly different.
The profane servitor hits you with a +1 demon whip of electrocution.
* * * LOW HITPOINT WARNING * * *
The profane servitor hits you but does no damage.
A tormentor comes into view.
You block the spectral caustic shrike's attack.
The profane servitor hits you with a +1 demon whip of electrocution!
You die...

## #.# #.##
#§## ##.##
##Z## ##2##
##W###
###AL#
####..Z.#
#.......#
..........#
........###
........#
.##.....#
#2....#
#..^.##


You could see a profane servitor, a reaper, a putrid mouth (catching breath), a
spectral caustic shrike, a spectral shard shrike and a tormentor (wandering).

Vanquished Creatures
  Antaeus (Coc:7)
  the Royal Jelly (Slime:5)
  the Serpent of Hell (Hell)
  5 dread liches
  8 ancient liches
  5 orbs of fire
  Mara (Depths:2)
  Xtahua (Crypt:2)
  19 shard shrikes
  10 Killer Klowns
  2 curse toes
  Saint Roka (Elf:2)
  20 caustic shrikes
  Geryon (Hell)
  10 golden dragons
  the Enchantress (Depths:2)
  13 bone dragons
  13 doom hounds
  A Brimstone Fiend (Pan)
  3 profane servitors
  3 electric golems
  9 Tzitzimimeh
  2 pandemonium lords (Pan)
  Jorgrun (Swamp:1)
  An iron giant (Dis:5)
  25 Orb Guardians (Zot:5)
  14 tentacled monstrosities
  8 Hell Sentinels
  2 tainted leviathans
  7 titans
  9 liches
  Asterion (Depths:2)
  23 Ice Fiends
  2 deep elf blademasters
  6 quicksilver dragons
  25 acid blobs
  15 ancient champions
  2 deep elf master archers (Elf:3)
  4 thorn hunters
  5 tentacled starspawn
  11 death cobs
  9 tengu reavers
  5 sphinxes
  Agnes (Elf:2)
  A storm dragon (shapeshifter) (Elf:2)
  3 draconian monks
  6 revenants
  13 storm dragons
  13 shadow dragons
  Donald (Elf:2)
  20 rockslimes
  10 nagarajas
  26 narguns
  14 fire giants
  30 azure jellies
  8 quicksilver elementals
  4 draconian knights
  9 iron dragons
  15 frost giants
  4 ghost moths
  2 caustic shrike zombies
  3 demonspawn warmongers (Pan)
  8 balrugs
  3 deep elf elementalists
  7 deep elf sorcerers
  5 draconian scorchers
  2 spectral juggernauts
  17 vault wardens
  Louise (Depths:2)
  2 orc warlords
  5 curse skulls
  3 demonspawn corrupters (Pan)
  5 ghouls (Crypt:3)
  4 draconian shifters
  21 quicksilver oozes
  7 spectral caustic shrikes
  16 reapers
  6 shard shrike simulacra
  4 cacodemons
  3 demonspawn blood saints (Pan)
  4 draconian annihilators
  A juggernaut skeleton (Crypt:1)
  6 spriggan defenders
  18 very ugly things
  Aizul (Crypt:1)
  7 draconian stormcallers
  15 stone giants
  17 ironbound preservers
  6 ironbound thunderhulks
  9 vampire knights
  4 eleionomae
  9 war gargoyles
  6 demonspawn black suns (Pan)
  16 black draconians
  8 purple draconians
  24 elemental wellsprings
  13 lorocyprocas (Pan)
  7 deep elf demonologists
  10 green draconians
  12 putrid mouths
  6 yellow draconians
  9 deep elf annihilators
  19 wendigos
  A minotaur (Gauntlet)
  An entropy weaver (Abyss:4)
  8 spark wasps
  7 dire elephants
  Azrael (Elf:2)
  9 red draconians
  2 spectral titans
  4 bunyips
  7 white draconians
  11 ettins
  4 green deaths
  7 blizzard demons
  11 eidola
  7 deep elf death magi
  4 crystal guardians (Dis:2)
  8 jiangshi
  6 iron golems
  2 spectral iron giants
  2 shambling mangroves
  11 fire dragons
  9 yaktaur captains
  A kraken zombie (Hell)
  A mummy priest (Crypt:3)
  14 great orbs of eyes
  3 spriggan zombies (Crypt:3)
  4 spectral spriggans
  4 rakshasas
  The ghost of Suk Xiy the Grappler, a journeyman DrTm of Yredelemnul (Lair:2)
  31 vault guards
  Harold (D:8)
  4 deep elf high priests
  16 naga warriors
  A salamander tyrant (Snake:2)
  24 hydras
  3 ogre magi
  A spectral shadow dragon (Tar:1)
  11 caustic shrike simulacra
  2 hell beasts
  9 ice dragons
  5 ironbound frosthearts
  A catoblepas (D:15)
  15 juggernaut simulacra
  9 spriggan air magi
  14 two-headed ogres
  5 anacondas
  2 ghost crabs (Swamp:4)
  11 alligators
  10 centaur warriors
  A satyr (shapeshifter) (D:11)
  4 death yaks (Lair:5)
  8 deep troll earth magi
  2 death scarabs (Gauntlet)
  5 death knights
  4 deep troll shamans
  3 tengu warriors
  2 spriggan berserkers (Depths:2)
  Urug (D:10)
  3 vampire magi
  7 hell hogs
  29 dancing weapons
  10 shock serpents
  3 orc high priests (Orc:2)
  28 sun demons
  8 thrashing horrors
  Sonja (D:10)
  18 soul eaters
  11 naga sharpshooters
  9 spriggans
  A titan zombie (Crypt:3)
  20 deep elf knights
  7 crystal echidnas
  A fire crab (shapeshifter) (D:15)
  2 iron trolls
  A spectral death yak (Gauntlet)
  21 hell knights
  23 skeletal warriors
  A spectral minotaur (Tar:2)
  5 wretched stars
  3 salamander mystics
  6 sixfirhies (Pan)
  2 spectral bunyips
  44 deep trolls
  3 goliath frogs
  A bunyip zombie (Crypt:3)
  5 flayed ghosts
  8 sea snakes
  3 anaconda zombies
  3 spectral anacondas
  A golden dragon zombie (Crypt:3)
  5 spriggan druids
  4 quicksilver dragon simulacra
  14 swamp dragons
  A spatial maelstrom (Abyss:4)
  2 kraken simulacra (Coc:7)
  5 naga ritualists
  4 shadow demons
  4 glowing orange brains
  8 spriggan simulacra
  2 bog bodies
  A fenstrider witch simulacrum (Coc:1)
  12 lindwurms
  2 anaconda skeletons
  7 harpies
  2 spectral hydras
  19 ironbound convokers
  18 deep elf archers
  A shadow dragon zombie (Crypt:3)
  A harpy (shapeshifter) (Vaults:5)
  45 deep elf pyromancers
  10 wizards
  An iron giant skeleton (Crypt:2)
  26 phantasmal warriors
  4 necromancers
  9 mana vipers
  A wolf spider (shapeshifter) (D:10)
  16 orc knights
  44 ugly things
  4 wolf spiders (Crypt:3)
  6 shining eyes
  42 deep elf zephyrmancers
  5 orc sorcerers
  A will-o-the-wisp (Swamp:3)
  29 salamanders
  9 manticores
  34 black mambas
  A worldbinder (Abyss:4)
  39 moths of wrath
  5 spectral ettins
  2 spectral centaurs
  13 cyclopes
  12 elephants
  3 apocalypse crabs
  9 guardian serpents
  22 smoke demons
  9 titan simulacra
  9 rust devils
  Joseph (D:10)
  15 naga magi
  11 cane toads
  17 vault sentinels
  2 gargoyles
  A guardian serpent (shapeshifter) (Vaults:5)
  3 water nymphs (shapeshifter)
  13 hellions
  3 molten gargoyles (D:15)
  10 torpor snails
  2 eyes of devastation
  6 ice statues
  A pale draconian zombie (Crypt:1)
  36 yaktaurs
  9 orange demons
  Maggie (Lair:1)
  9 rime drakes
  A sea snake zombie (Hell)
  A demonic crawler (Hell)
  A storm dragon simulacrum (Coc:2)
  A tengu conjurer (D:15)
  14 komodo dragons
  6 efreet
  11 freezing wraiths
  A bunyip simulacrum (Coc:2)
  A kobold demonologist (D:10)
  A komodo dragon (shapeshifter) (D:14)
  A white draconian zombie (Crypt:1)
  A spectral naga (Tar:3)
  19 tormentors
  A red devil (Pan)
  2 spectral harpies
  5 anaconda simulacra
  An ice devil (Hell)
  A yellow draconian skeleton (Crypt:1)
  5 hellwings (Pan)
  A guardian mummy (Crypt:3)
  8 trolls
  A purple draconian skeleton (Crypt:2)
  2 iron giant simulacra
  2 silent spectres
  A shadow dragon simulacrum (Coc:2)
  6 harpy zombies (Crypt:3)
  An ancient zyme (Abyss:4)
  A meliai (shapeshifter) (Vaults:5)
  2 hydra zombies
  2 polar bears
  14 tyrant leeches
  A wolf spider simulacrum (D:13)
  A merfolk (shapeshifter) (Depths:4)
  10 raiju
  19 hornets
  3 bloated husks
  A hydra skeleton (Hell)
  22 large abominations
  A tarantella (shapeshifter) (D:14)
  66 slime creatures
  A dream sheep (shapeshifter) (Vaults:5)
  A spectral black mamba (Tar:1)
  3 iron dragon simulacra
  A fire dragon zombie (Crypt:3)
  18 blink frogs
  4 jumping spiders
  An alligator zombie (Hell)
  A shadow (D:11)
  3 air elementals
  6 flying skulls (Crypt:1)
  An ettin skeleton (Abyss:1)
  A vampire (D:13)
  8 water elementals
  13 ynoxinuls
  14 wraiths
  8 dire elephant simulacra
  A black mamba zombie (Crypt:3)
  3 wyverns
  An alligator skeleton (Hell)
  31 yaks
  A yak (shapeshifter) (D:14)
  6 fire elementals
  A fire bat (Abyss:4)
  A basilisk (shapeshifter) (Vaults:5)
  3 neqoxecs
  13 small abominations
  6 golden eyes (Slime:5)
  5 basilisks
  7 redbacks
  A steam dragon (D:8)
  Menkaure (D:5)
  9 vampire mosquitoes
  7 chaos spawn
  6 wargs
  3 naga zombies (Crypt:3)
  16 harpy simulacra
  A swamp worm (shapeshifter) (Vaults:5)
  A demonspawn zombie (Crypt:3)
  11 swamp worms
  3 spatial vortices (Abyss:4)
  2 hydra simulacra (Hell)
  5 acid dragons
  42 nagas
  A floating eye (Depths:2)
  9 hell hounds
  15 water moccasins
  39 orc warriors
  A black bear (D:5)
  5 ettin simulacra
  2 blink frog zombies (Crypt:2)
  14 necrophages
  3 sky beasts
  An ice dragon simulacrum (Coc:5)
  7 swamp drakes (Swamp:4)
  4 ice beasts
  9 boggarts
  19 ogres
  7 wolves
  A wolf (shapeshifter) (D:11)
  8 centaurs
  6 phantoms
  A lindwurm skeleton (Crypt:2)
  2 elf zombies (Elf:1)
  7 kobold brigands (Bailey)
  2 rime drake skeletons
  9 bullfrogs
  3 naga simulacra
  An octopode zombie (Crypt:1)
  2 scorpions
  4 earth elementals
  7 wyvern skeletons (Crypt:3)
  A lindwurm simulacrum (IceCv)
  3 troll zombies (Swamp:3)
  5 killer bees
  A troll skeleton (Swamp:3)
  5 wights (D:7)
  An electric eel (D:12)
  A spriggan skeleton (Crypt:2)
  3 howler monkeys
  A swamp dragon simulacrum (Coc:1)
  2 lava snakes (D:15)
  A crimson imp (D:10)
  4 centaur zombies
  14 starcursed masses
  17 orc priests
  A quasit (Abyss:1)
  2 bullfrog zombies (D:6)
  6 jellies
  5 komodo dragon simulacra (IceCv)
  3 hounds
  2 bullfrog skeletons
  An iron imp (Abyss:1)
  Terence (D:3)
  29 orc wizards
  6 iguanas
  4 hell rats (Hell)
  2 killer bee zombies (D:8)
  2 hound skeletons (D:4)
  2 mummies (Crypt:3)
  10 gnolls
  A howler monkey zombie (D:10)
  6 acid dragon simulacra (IceCv)
  7 adders
  5 river rats
  A swamp drake skeleton (Crypt:1)
  A shadow imp (D:6)
  2 white imps
  9 steam dragon simulacra (IceCv)
  5 worms
  83 orcs
  2 bats (D:1)
  13 endoplasms
  6 giant cockroaches
  7 goblins
  6 hobgoblins
  7 quokkas
  3 training dummies (D:9)
  7 ball pythons
  5 frilled lizards
  A goblin zombie (Crypt:1)
  19 kobolds
  5 rats
  A river rat skeleton (Crypt:2)
  19 briar patches
  4 fire vortices (Hell)
  A lurking horror (Abyss:4)
  6 starspawn tentacles (Abyss:1)
  2 tentacles (Hell)
3208 creatures vanquished.

Vanquished Creatures (collateral kills)
  3 acid blobs (Slime:5)
  An azure jelly (Slime:5)
  A naga ritualist (Snake:3)
  A spectral boulder beetle (Gauntlet)
  A naga mage (Snake:3)
  2 black mambas (Snake:3)
  A hornet (Lair:6)
10 creatures vanquished.

Vanquished Creatures (others)
  A draconian scorcher (Depths:4)
  A draconian stormcaller (Zot:2)
  A red draconian (Zot:4)
  A black draconian (Zot:4)
  A juggernaut simulacrum (Coc:7)
  A tengu warrior (Depths:2)
  2 sun demons (Pan)
  A deep elf zephyrmancer (Elf:1)
  A spriggan simulacrum (Coc:7)
  A manticore (Depths:3)
  A moth of wrath (Vaults:4)
  6 bloated husks
  A centaur simulacrum (Coc:2)
  A hell rat (Hell)
  An ufetubus (Abyss:1)
  3 bushes
  2 fire vortices (Dis:6)
  2 foxfires (Swamp:3)
  19 fungi
  90 plants
  4 starspawn tentacles
  6 tentacles
  13 withered plants (Crypt:3)
160 creatures vanquished.

Grand Total: 3378 creatures vanquished

Notes
Turn   | Place    | Note
-------+----------+-------------------------------------------
     0 | D:1      | protoss039 the Demonspawn Earth Elementalist began the
                  | quest for the Orb.
     0 | D:1      | Reached XP level 1. HP: 13/13 MP: 3/3
    88 | D:1      | Reached skill level 1 in Transmutations
   406 | D:1      | Gained mutation: Your touch may inflict minor irresistible
                  | damage on your foes. [demonic ancestry]
   406 | D:1      | Reached XP level 2. HP: 19/20 MP: 5/5
   487 | D:1      | Reached skill level 1 in Fighting
  1101 | D:1      | Learned a level 2 spell: Passwall
  1285 | D:2      | Gained mutation: Your demonic aura sometimes causes spilled
                  | blood to erupt in flames. [demonic ancestry]
  1285 | D:2      | Reached XP level 3. HP: 26/26 MP: 6/6
  1380 | D:2      | Found a faded altar of an unknown god.
  1712 | D:2      | Learned a level 3 spell: Stone Arrow
  1871 | D:3      | Reached skill level 1 in Armour
  2421 | D:3      | Reached XP level 4. HP: 10/33 MP: 1/7
  2440 | D:3      | Found a glowing drain.
  2450 | Sewer    | Entered a sewer
  2901 | Sewer    | Reached XP level 5. HP: 39/39 MP: 6/9
  3281 | Sewer    | Found a viscous altar of Jiyva.
  3320 | Sewer    | Gained mutation: Your demonic aura often causes spilled
                  | blood to erupt in flames. [demonic ancestry]
  3320 | Sewer    | Reached XP level 6. HP: 46/47 MP: 8/10
  3510 | D:3      | Noticed Terence
  3512 | D:3      | Killed Terence
  4229 | D:4      | Reached skill level 1 in Conjurations
  4362 | D:4      | Gained mutation: Your demonic aura causes all spilled blood
                  | to erupt in flames. [demonic ancestry]
  4362 | D:4      | Reached XP level 7. HP: 54/54 MP: 8/12
  4809 | D:4      | Reached skill level 5 in Fighting
  5141 | D:4      | Learned a level 3 spell: Mephitic Cloud
  5168 | D:5      | Entered Level 5 of the Dungeon
  5362 | D:5      | Reached XP level 8. HP: 62/63 MP: 5/14
  5811 | D:5      | Noticed Menkaure
  5816 | D:5      | Killed Menkaure
  6385 | D:6      | Reached skill level 5 in Earth Magic
  6621 | D:6      | Reached skill level 5 in Spellcasting
  6621 | D:6      | Gained mutation: You are partially covered in rugged brown
                  | scales. (AC +1, +3% HP) [demonic ancestry]
  6621 | D:6      | Reached XP level 9. HP: 45/74 MP: 4/16
  6896 | D:6      | Found a staircase to the Ecumenical Temple.
  6925 | Temple   | Entered the Ecumenical Temple
  8114 | D:7      | Reached skill level 5 in Conjurations
  9820 | D:8      | Noticed Harold
  9826 | D:8      | Killed Harold
  9827 | D:8      | Reached XP level 10. HP: 84/84 MP: 9/19
 10030 | D:9      | Reached skill level 5 in Armour
 10170 | D:9      | Noticed a cyan ugly thing
 10175 | D:9      | Killed a cyan ugly thing
 10253 | D:9      | Noticed a two-headed ogre
 10258 | D:9      | Killed a two-headed ogre
 10421 | D:9      | Identified the +0 robe of the Desert {rF- Int+3 Slay+2}
 10471 | D:9      | Found Paqappun's Firing Range.
 10557 | D:9      | Noticed a two-headed ogre
 10560 | D:9      | Killed a two-headed ogre
 10561 | D:9      | Reached skill level 10 in Fighting
 10675 | D:9      | Noticed a two-headed ogre
 10680 | D:9      | Killed a two-headed ogre
 10906 | D:10     | Entered Level 10 of the Dungeon
 11002 | D:10     | Gained mutation: Your touch may inflict irresistible damage
                  | on your foes. [demonic ancestry]
 11002 | D:10     | Reached XP level 11. HP: 92/92 MP: 17/21
 11024 | D:10     | Noticed a centaur warrior
 11028 | D:10     | Killed a centaur warrior
 11179 | D:10     | Noticed a tengu warrior
 11179 | D:10     | Noticed a goliath frog
 11193 | D:10     | Killed a tengu warrior
 11193 | D:10     | Noticed a wolf spider
 11193 | D:10     | a goliath frog changed into a wolf spider
 11200 | D:10     | Killed a wolf spider
 11308 | D:10     | Noticed Urug
 11316 | D:10     | Killed Urug
 11450 | D:10     | Noticed Sonja
 11458 | D:10     | Killed Sonja
 11519 | D:10     | Noticed Joseph
 11527 | D:10     | Killed Joseph
 11555 | D:10     | Found a staircase to the Lair.
 11566 | D:10     | Found a flagged portal.
 11578 | Bailey   | Entered a bailey
 11623 | Bailey   | Noticed an orc knight
 11631 | Bailey   | Killed an orc knight
 11828 | Bailey   | Found a bloodstained altar of Trog.
 12099 | D:10     | Found an opulent altar of Gozag.
 12100 | D:10     | Found an iron altar of Okawaru.
 12102 | D:10     | Found a hide-covered altar of Uskayaw.
 12102 | D:10     | Found a shimmering blue altar of Sif Muna.
 12103 | D:10     | Found a sacrificial altar of Ru.
 12105 | D:10     | Found an ornate altar of the Wu Jian Council.
 12316 | D:10     | Reached XP level 12. HP: 98/105 MP: 0/24
 12551 | D:10     | Found a radiant altar of Vehumet.
 12552 | D:10     | Found a burning altar of Makhleb.
 12559 | D:10     | Became a worshipper of Vehumet
 12641 | D:10     | Noticed a death knight
 12646 | D:10     | Killed a death knight
 12881 | D:11     | Noticed an eight-headed hydra
 12883 | D:11     | Killed an eight-headed hydra
 13169 | D:11     | Found a portal to a secret trove of treasure.
 13394 | D:11     | Noticed a frost giant
 13394 | D:11     | Noticed a tengu reaver
 13394 | D:11     | Noticed an ice dragon
 13395 | D:11     | Found a runed translucent door.
 13397 | D:11     | Noticed a deep troll earth mage
 13397 | D:11     | Noticed a radroach
 13397 | D:11     | Noticed a fire dragon
 13397 | D:11     | Noticed a fire giant
 13683 | D:11     | Noticed a two-headed ogre
 14014 | D:12     | Noticed a two-headed ogre
 14017 | D:12     | Killed a two-headed ogre
 14496 | D:12     | Reached * piety under Vehumet
 14496 | D:12     | Offered knowledge of Foxfire by Vehumet.
 14959 | D:12     | Found a staircase to the Orcish Mines.
 15238 | D:12     | Offered knowledge of Freeze by Vehumet.
 15293 | D:12     | Found a bloodstained altar of Trog.
 15293 | D:12     | Noticed an eight-headed hydra
 15297 | D:12     | Killed an eight-headed hydra
 15297 | D:12     | Reached ** piety under Vehumet
 15479 | D:12     | Identified the +16 plate armour "Jilluaf" {rF- Regen+ rCorr
                  | Str+8}
 15677 | D:13     | Noticed a centaur warrior
 15681 | D:13     | Noticed a two-headed ogre
 15687 | D:13     | Killed a centaur warrior
 15688 | D:13     | Killed a two-headed ogre
 15745 | D:13     | Gained mutation: You regenerate magic rapidly. [demonic
                  | ancestry]
 15745 | D:13     | Reached XP level 13. HP: 58/114 MP: 18/26
 16280 | D:13     | Found a frozen archway.
 16291 | D:13     | Offered knowledge of Searing Ray by Vehumet.
 16306 | IceCv    | Entered an ice cave
 16485 | IceCv    | Reached *** piety under Vehumet
 16771 | IceCv    | Noticed a white draconian
 16776 | IceCv    | Reached skill level 10 in Spellcasting
 16782 | IceCv    | Killed a white draconian
 16861 | IceCv    | Identified the ring "Kufor" {rC+ Will+ rCorr Int+3}
 17281 | D:13     | Learned a level 5 spell: Freezing Cloud
 17407 | D:14     | Offered knowledge of Frozen Ramparts by Vehumet.
 17480 | D:14     | Reached skill level 10 in Conjurations
 17620 | D:14     | Found Ugetuqy's General Store.
 17631 | D:14     | Bought a potion of haste for 120 gold pieces
 17631 | D:14     | Bought a scroll of summoning for 114 gold pieces
 17631 | D:14     | Bought a scroll of blinking for 90 gold pieces
 17653 | D:14     | Found Ikheic's Book Shop.
 17668 | D:14     | Reached skill level 1 in Shields
 17892 | D:14     | Found Nuuleig's Weapon Emporium.
 18268 | D:14     | Found a gate to the Vaults.
 18478 | D:14     | Reached XP level 14. HP: 124/124 MP: 25/28
 18676 | D:14     | Identified the +1 robe "Isalauj" {-Tele Contam Fly Str+9}
 18711 | D:15     | Entered Level 15 of the Dungeon
 18761 | D:15     | Reached **** piety under Vehumet
 19076 | D:15     | Offered knowledge of Fulminant Prism by Vehumet.
 19080 | D:15     | Reached skill level 15 in Fighting
 19680 | D:15     | Found a staircase to the Depths.
 19698 | D:15     | Reached skill level 5 in Shields
 20033 | Lair:1   | Entered Level 1 of the Lair of Beasts
 20384 | Lair:1   | Noticed Maggie
 20388 | Lair:1   | Killed Maggie
 21184 | Lair:2   | Found a snail-covered altar of Cheibriados.
 21394 | Lair:2   | Found a staircase to the Snake Pit.
 21481 | Lair:2   | Found a runed translucent door.
 21483 | Lair:2   | Noticed Suk Xiy's ghost (journeyman DrTm)
 21561 | Lair:2   | Found a gate leading to a gauntlet.
 21582 | Gauntlet | Entered a Gauntlet
 21582 | Gauntlet | Found a transporter.
 21585 | Gauntlet | Found a transporter.
 21586 | Gauntlet | Found a runed translucent gate.
 21586 | Gauntlet | Found a runed translucent gate.
 21588 | Gauntlet | Found a transporter.
 21589 | Gauntlet | Found a transporter.
 21592 | Gauntlet | Found a transporter.
 21593 | Gauntlet | Found a transporter.
 21600 | Gauntlet | Found a runed translucent gate.
 21601 | Gauntlet | Found a transporter.
 21604 | Gauntlet | Found a transporter.
 21621 | Gauntlet | Found a transporter.
 21638 | Gauntlet | Found a transporter.
 21642 | Gauntlet | Found a transporter.
 21650 | Gauntlet | Found a transporter.
 21918 | Gauntlet | Identified the ring of the Saving Fool {Ice Will+ Str+4}
 21924 | Gauntlet | Identified the amulet of the Cuttlefish {*Slow +Inv Fly
                  | Will+++ Regen+}
 21972 | Gauntlet | Identified the +9 mace of Udeekh {vorpal, rF+}
 21986 | Gauntlet | Identified the +4 long sword "Ytuxef" {venom, rC+ Int+3
                  | Dex+2}
 21986 | Gauntlet | Identified the +10 falchion "Afuhaeh" {speed, rF+ rC+ Dex+2
                  | Stlth-}
 22719 | Lair:3   | You are sucked into a shaft and drop 2 floors!
 22905 | Lair:4   | Reached ***** piety under Vehumet
 22950 | Lair:4   | Found a staircase to the Swamp.
 22955 | Lair:4   | Offered knowledge of Flame Wave by Vehumet.
 22956 | Lair:4   | Gained mutation: You are mostly covered in rugged brown
                  | scales. (AC +2, +5% HP) [demonic ancestry]
 22956 | Lair:4   | Reached XP level 15. HP: 127/136 MP: 23/31
 24420 | Lair:6   | Entered Level 6 of the Lair of Beasts
 24502 | Lair:6   | Found a staircase to the Slime Pits.
 24502 | Lair:6   | Found a viscous altar of Jiyva.
 25287 | Lair:6   | Found the +5 robe of Misfortune {Harm *Corrode *Slow EV+5}
 25385 | Lair:6   | Identified the +11 battleaxe of Squeaky Subterfuge {vorpal,
                  | *Noise rElec rC+++ rCorr Str-5}
 25635 | Lair:6   | Found a runed translucent door.
 25799 | Lair:6   | Paralysed by a hornet for 1 turns
 26377 | Lair:6   | Learned a level 4 spell: Flame Wave
 26381 | Lair:6   | Learned a level 3 spell: Swiftness
 26621 | Orc:1    | Entered Level 1 of the Orcish Mines
 27081 | Orc:2    | Entered Level 2 of the Orcish Mines
 27326 | Orc:2    | Found a staircase to the Elven Halls.
 27477 | Orc:2    | Offered knowledge of Iskenderun's Battlesphere by Vehumet.
 27623 | Orc:2    | Noticed an orc warlord
 27631 | Orc:2    | Killed an orc warlord
 27981 | Orc:2    | Gained mutation: You are completely covered in rugged brown
                  | scales. (AC +3, +7% HP) [demonic ancestry]
 27981 | Orc:2    | Reached XP level 16. HP: 138/148 MP: 23/33
 28037 | Orc:2    | Found Semoh's Antique Weapon Shoppe.
 28037 | Orc:2    | Found Cuimm's Book Boutique.
 28039 | Orc:2    | Found Dent's Book Shoppe.
 28039 | Orc:2    | Found Maequth's General Store.
 28045 | Orc:2    | Bought an ichor-stained war axe for 297 gold pieces
 28045 | Orc:2    | Identified the +8 war axe "Wyisev" {venom, +Blink rPois
                  | rC+++ Int-5} (You bought it in a shop on level 2 of the
                  | Orcish Mines)
 28049 | Orc:2    | Bought a +0 helmet of see invisible for 126 gold pieces
 28049 | Orc:2    | Bought a potion of curing for 33 gold pieces
 28049 | Orc:2    | Bought a potion of curing for 33 gold pieces
 28252 | Orc:2    | Bought a book of Fire for 528 gold pieces
 28252 | Orc:2    | Bought the Grimoire of the Ashen Birds for 528 gold pieces
 28255 | Orc:2    | Bought Ozocubu's Autobiography for 336 gold pieces
 28594 | Lair:2   | Killed Suk Xiy's ghost
 28650 | Snake:1  | Entered Level 1 of the Snake Pit
 28661 | Lair:2   | Learned a level 6 spell: Starburst
 28667 | Lair:2   | Learned a level 5 spell: Iskenderun's Battlesphere
 28793 | Snake:1  | Identified the +1 scimitar of the Mind {vorpal, Will+}
 28829 | Snake:1  | Found Tiurod's Magic Scroll Emporium.
 28829 | Snake:1  | Found Boyzuak's Book Shoppe.
 28830 | Snake:1  | Found Qiudu's Antique Weapon Emporium.
 28847 | Snake:1  | Found Huerr's Armour Shoppe.
 28852 | Snake:1  | Bought a scroll of teleportation for 45 gold pieces
 28852 | Snake:1  | Bought a scroll of fear for 52 gold pieces
 28852 | Snake:1  | Bought a scroll of magic mapping for 52 gold pieces
 28852 | Snake:1  | Bought a scroll of fear for 52 gold pieces
 28852 | Snake:1  | Bought a scroll of identify for 30 gold pieces
 28852 | Snake:1  | Bought a scroll of vulnerability for 112 gold pieces
 28855 | Snake:1  | Bought 2 scrolls of identify for 60 gold pieces
 28855 | Snake:1  | Identified a scroll of acquirement
 28856 | Snake:1  | Acquired 892 gold pieces
 28868 | Snake:1  | Bought a +3 leather armour of poison resistance for 357
                  | gold pieces
 28986 | Snake:1  | Reached skill level 1 in Fire Magic
 30774 | Snake:2  | Identified the +7 flail "Woozikeky" {venom, rC+ Will+ Str-5
                  | Stlth+}
 31049 | Snake:3  | Reached ****** piety under Vehumet
 31056 | Snake:3  | Offered knowledge of Iron Shot by Vehumet.
 31643 | Snake:3  | Learned a level 6 spell: Iron Shot
 32116 | Snake:3  | Gained mutation: When hurt, damage is shared between your
                  | health and your magic reserves. [demonic ancestry]
 32116 | Snake:3  | Reached XP level 17. HP: 137/158 MP: 18/34
 32373 | Snake:4  | Entered Level 4 of the Snake Pit
 32535 | Snake:4  | Reached skill level 10 in Shields
 33149 | Snake:4  | Identified the +6 long sword "Nufath" {venom, rC+ Int+4
                  | SInv}
 33666 | Snake:4  | Offered knowledge of Conjure Ball Lightning by Vehumet.
 34084 | Snake:4  | Reached skill level 5 in Fire Magic
 34166 | Snake:4  | Got a serpentine rune of Zot
 34435 | Swamp:1  | Entered Level 1 of the Swamp
 34756 | Swamp:1  | Reached skill level 1 in Air Magic
 34918 | Swamp:1  | Noticed Jorgrun
 34924 | Swamp:1  | Killed Jorgrun
 35215 | Swamp:1  | Acquired Ororec's Disquisition on the Glacier and Arcane
                  | Weapons
 35218 | Swamp:2  | You are sucked into a shaft and drop 1 floor!
 35343 | Swamp:2  | Reached skill level 10 in Earth Magic
 35518 | Swamp:2  | Identified the -3 pair of gloves of Dyuqaat {rN+}
 35983 | Swamp:3  | Gained mutation: You are robust. (+10% HP) [demonic
                  | ancestry]
 35983 | Swamp:3  | Reached XP level 18. HP: 160/183 MP: 21/36
 36425 | Swamp:3  | Found a hide-covered altar of Uskayaw.
 36980 | Swamp:4  | Entered Level 4 of the Swamp
 37167 | Swamp:4  | Reached skill level 15 in Spellcasting
 37604 | Swamp:4  | Offered knowledge of Lee's Rapid Deconstruction by Vehumet.
 37938 | Swamp:4  | Got a decaying rune of Zot
 38723 | Elf:1    | Entered Level 1 of the Elven Halls
 39128 | Elf:1    | Found Owann's Weapon Shoppe.
 39274 | Elf:1    | Found Atsaj's Jewellery Boutique.
 39513 | Elf:1    | Found Voimat's Book Shoppe.
 39514 | Elf:1    | Found Daynulys's Distillery.
 39516 | Elf:1    | Found Ginyuzoz's Jewellery Shoppe.
 39520 | Elf:1    | Bought a Necronomicon for 672 gold pieces
 39520 | Elf:1    | Bought a book of Unlife for 432 gold pieces
 39522 | Elf:1    | Bought a potion of heal wounds for 95 gold pieces
 39522 | Elf:1    | Bought a potion of mutation for 152 gold pieces
 39522 | Elf:1    | Bought a potion of heal wounds for 95 gold pieces
 39522 | Elf:1    | Bought a potion of resistance for 190 gold pieces
 39522 | Elf:1    | Bought a potion of curing for 57 gold pieces
 39522 | Elf:1    | Bought a potion of experience for 950 gold pieces
 39524 | Elf:1    | Gained mutation: Your touch may irresistibly damage your
                  | foes and sap their willpower. [demonic ancestry]
 39524 | Elf:1    | Reached XP level 19. HP: 193/193 MP: 37/39
 39554 | Elf:1    | Offered knowledge of Eringya's Noxious Bog by Vehumet.
 39588 | Elf:1    | Learned a level 5 spell: Borgnjor's Vile Clutch
 39808 | Elf:1    | Got the Almanac of Evil Rituals
 40241 | Elf:1    | Reached XP level 20. HP: 199/203 MP: 34/40
 40269 | Elf:1    | Found Cisea's Antique Weapon Shop.
 40279 | Elf:1    | Bought a bone mace for 216 gold pieces
 40279 | Elf:1    | Identified the +10 mace "Povo" {vorpal, Will++} (You bought
                  | it in a shop on level 1 of the Elven Halls)
 40448 | Elf:1    | Got the Incunabulum of Creative Conjuration
 40651 | Elf:2    | Reached skill level 10 in Armour
 40755 | Elf:2    | Noticed Agnes
 40762 | Elf:2    | Killed Agnes
 41012 | Elf:2    | Noticed Saint Roka
 41224 | Elf:2    | Killed Saint Roka
 41342 | Elf:2    | Offered knowledge of Maxwell's Capacitive Coupling by
                  | Vehumet.
 41445 | Elf:2    | Found a runed translucent gate.
 41445 | Elf:2    | Found a runed translucent gate.
 41446 | Elf:2    | Found a runed translucent gate.
 41674 | Elf:2    | Paralysed by an air elemental for 1 turns
 42239 | Elf:2    | Noticed Donald
 42256 | Elf:2    | Killed Donald
 42452 | Elf:2    | Noticed Azrael
 42457 | Elf:2    | Killed Azrael
 43005 | Elf:3    | Entered Level 3 of the Elven Halls
 43023 | Elf:2    | Learned a level 8 spell: Lehudib's Crystal Spear
 43137 | Elf:3    | Offered knowledge of Shatter by Vehumet.
 43137 | Elf:3    | Offered knowledge of Maxwell's Capacitive Coupling by
                  | Vehumet.
 43138 | Elf:3    | Reached skill level 1 in Necromancy
 43327 | Elf:3    | Identified the +1 robe of the Sun {+Inv rCorr Int+3}
 44155 | Elf:3    | Identified the ring "Woil" {rF- rN+ Str+6 Int+2 Dex+2}
 44553 | Elf:3    | Identified the +0 cloak "Fiecim" {Will+ Str+4 Dex-4}
 44606 | Elf:3    | Found the +3 crown of Dyrovepreva {rElec Int+2 SInv}
 44978 | D:11     | Reached XP level 21. HP: 176/212 MP: 19/42
 44993 | D:11     | Identified the +2 robe of Sing {Int-3 Dex+2 SInv}
 45132 | Vaults:1 | Entered Level 1 of the Vaults
 46683 | Vaults:1 | Reached skill level 5 in Necromancy
 47902 | Vaults:2 | Reached skill level 5 in Transmutations
 48152 | Vaults:2 | Found a staircase to the Crypt.
 49111 | Vaults:3 | Identified the +1 leather armour of Fanaticism {Fly Int+4}
 49121 | Vaults:3 | Identified the +0 chain mail "Heujidek" {rPois Int-5 Dex+7}
 49845 | Vaults:4 | Gained mutation: You are very robust. (+20% HP) [demonic
                  | ancestry]
 49845 | Vaults:4 | Reached XP level 22. HP: 167/241 MP: 6/43
 50656 | Vaults:4 | Found a transporter.
 50664 | Vaults:4 | Found Goegrud's Jewellery Emporium.
 52044 | Crypt:1  | Entered Level 1 of the Crypt
 52636 | Crypt:1  | Identified the +0 scale mail of Riclyl {Str+2 Dex+2}
 52643 | Crypt:1  | Reached skill level 1 in Evocations
 52644 | Crypt:1  | Found an ancient bone altar of Kikubaaqudgha.
 53372 | Crypt:1  | Noticed Aizul
 53376 | Crypt:1  | Killed Aizul
 53718 | Crypt:2  | Noticed Xtahua
 54008 | Crypt:2  | Noticed an ancient lich
 54012 | Crypt:2  | Killed an ancient lich
 54067 | Crypt:2  | Found a huge runed gate.
 54067 | Crypt:2  | Found a huge runed gate.
 54067 | Crypt:2  | Found a huge runed gate.
 54067 | Crypt:2  | Found a huge runed gate.
 54067 | Crypt:2  | Found a huge runed gate.
 54069 | Crypt:2  | Found a huge runed gate.
 54070 | Crypt:2  | Found a huge runed gate.
 54074 | Crypt:2  | Found a huge runed gate.
 54074 | Crypt:2  | Found a huge runed gate.
 54075 | Crypt:2  | Found a huge runed gate.
 54075 | Crypt:2  | Found a huge runed gate.
 54076 | Crypt:2  | Found a huge runed gate.
 54077 | Crypt:2  | Found a huge runed gate.
 54078 | Crypt:2  | Found a huge runed gate.
 54079 | Crypt:2  | Found a huge runed gate.
 54088 | Crypt:2  | Found a huge runed gate.
 54088 | Crypt:2  | Found a huge runed gate.
 54088 | Crypt:2  | Found a huge runed gate.
 54088 | Crypt:2  | Found a huge runed gate.
 54088 | Crypt:2  | Found a huge runed gate.
 54088 | Crypt:2  | Found a huge runed gate.
 54088 | Crypt:2  | Found a huge runed gate.
 54100 | Crypt:2  | Found a huge runed gate.
 54101 | Crypt:2  | Found a huge runed gate.
 54109 | Crypt:2  | Reached skill level 15 in Conjurations
 54137 | Crypt:2  | Found a huge runed gate.
 54137 | Crypt:2  | Found a huge runed gate.
 54138 | Crypt:2  | Found a huge runed gate.
 54139 | Crypt:2  | Found a huge runed gate.
 54214 | Crypt:2  | Killed Xtahua
 54355 | Crypt:2  | Found a huge runed gate.
 54355 | Crypt:2  | Found a huge runed gate.
 54355 | Crypt:2  | Found a huge runed gate.
 54356 | Crypt:2  | Found a huge runed gate.
 54357 | Crypt:2  | Found a huge runed gate.
 54358 | Crypt:2  | Found a huge runed gate.
 54359 | Crypt:2  | Found a huge runed gate.
 54360 | Crypt:2  | Found a huge runed gate.
 54936 | Crypt:3  | Entered Level 3 of the Crypt
 56608 | Crypt:3  | Identified the +0 buckler "Rownux" {Str+5}
 56613 | Crypt:3  | Identified the +7 dagger "Ultimatum" {distort, Will+}
 56615 | Crypt:3  | Identified the amulet "Sysh" {Faith Str+6 Int+3}
 57030 | Crypt:3  | Found a basalt altar of Yredelemnul.
 57156 | Crypt:3  | Gained mutation: When low on magic, you restore magic in
                  | place of health. [demonic ancestry]
 57156 | Crypt:3  | Reached XP level 23. HP: 251/251 MP: 12/44
 57523 | Crypt:3  | Found a staircase to the Tomb.
 57934 | Crypt:3  | Identified the ring "Ugohes" {rC+ rN+}
 57934 | Crypt:3  | Identified the ring "Jizxef" {Fly rN+ MP+9 Slay-4}
 57934 | Crypt:3  | Identified the ring "Ryrhotef" {rC+ rN+}
 58101 | Crypt:3  | Learned a level 9 spell: Shatter
 58432 | Depths:1 | Entered Level 1 of the Depths
 58473 | Depths:1 | Reached skill level 15 in Shields
 59552 | Depths:1 | Found a gateway to Hell.
 59562 | Depths:1 | Identified the +7 demon trident "Onufoeke" {protect, *Noise
                  | Int+4 Dex+3}
 59699 | Depths:2 | Found a one-way gateway to a ziggurat.
 59708 | Depths:2 | Noticed Asterion
 59834 | Depths:2 | Killed Asterion
 60180 | Depths:2 | Reached skill level 15 in Earth Magic
 60590 | Depths:2 | Found a one-way gate to the infinite horrors of the Abyss.
 60591 | Depths:2 | Noticed Louise
 60594 | Depths:2 | Killed Louise
 60794 | Depths:2 | Found a one-way gate leading to the halls of Pandemonium.
 60981 | Depths:2 | Noticed Mara
 61012 | Depths:2 | Noticed the Enchantress
 61148 | Depths:2 | Killed the Enchantress
 61191 | Depths:2 | Killed Mara
 61635 | Depths:2 | Identified the +0 pair of boots "Keanahoth" {Dex+3}
 61695 | Depths:2 | Learned a level 8 spell: Necromutation
 62226 | Depths:3 | Reached XP level 24. HP: 264/264 MP: 27/46
 63500 | Depths:4 | Entered Level 4 of the Depths
 63801 | Depths:4 | Identified the ring "Xastyne" {rC+ MP+9 Int-2 Dex+6}
 64279 | Depths:3 | Identified the +8 quarterstaff of the Crawling Thing
                  | {freeze, rF+ rC+ Dex+3}
 64294 | Depths:4 | Found an ancient bone altar of Kikubaaqudgha.
 64548 | Depths:4 | Found a gate to the Realm of Zot.
 64612 | Depths:4 | Found Fopnighu's Weapon Shoppe.
 64662 | Depths:4 | Identified the +5 buckler of Curiosity {Str+2 Int+4}
 64861 | Depths:4 | Found a hide-covered altar of Uskayaw.
 64877 | Depths:4 | Found Jeurhom's Jewellery Boutique.
 64878 | Depths:4 | Found Uvec's Book Shoppe.
 64892 | Depths:4 | Found Ifet's Jewellery Boutique.
 65724 | Vaults:5 | Entered Level 5 of the Vaults
 65769 | Vaults:4 | Gained mutation: Your magical capacity is low. (-10% MP)
                  | [mutagenic glow]
 65770 | Vaults:4 | Lost mutation: Your magical capacity is low. (-10% MP)
                  | [potion of mutation]
 65770 | Vaults:4 | Gained mutation: You occasionally shout uncontrollably at
                  | your foes. [potion of mutation]
 65770 | Vaults:4 | Gained mutation: You are agile. (Dex +2) [potion of
                  | mutation]
 65770 | Vaults:4 | Gained mutation: You have hidden genetic defects. [potion
                  | of mutation]
 65791 | Vaults:4 | Lost mutation: You have hidden genetic defects. [potion of
                  | mutation]
 65791 | Vaults:4 | Lost mutation: You occasionally shout uncontrollably at
                  | your foes. [potion of mutation]
 65791 | Vaults:4 | Lost mutation: You are agile. (Dex +2) [potion of mutation]
 65791 | Vaults:4 | Gained mutation: Your spells are a little easier to cast,
                  | but a little less powerful. [potion of mutation]
 65791 | Vaults:4 | Lost mutation: Your spells are a little easier to cast, but
                  | a little less powerful. [potion of mutation]
 65791 | Vaults:4 | Gained mutation: You are strong-willed. (Will+) [potion of
                  | mutation]
 65839 | Vaults:5 | Identified the +10 hand axe of Linearity {drain, Str+3}
 65962 | Vaults:5 | Noticed a dread lich
 66020 | Vaults:5 | Noticed an ancient lich
 66024 | Vaults:5 | Killed a dread lich
 66109 | Vaults:4 | Reached XP level 25. HP: 143/243 MP: 45/47
 66397 | Vaults:5 | Killed an ancient lich
 66855 | Vaults:5 | Noticed a dread lich
 66861 | Vaults:5 | Killed a dread lich
 67209 | Vaults:5 | Got the Almanac of Sinister Moulding
 67666 | Vaults:5 | Got a silver rune of Zot
 67763 | Vaults:5 | Noticed an ancient lich
 67768 | Vaults:5 | Killed an ancient lich
 67845 | Vaults:5 | Acquired 918 gold pieces
 67936 | Vaults:4 | Found a bloodstained altar of Trog.
 67936 | Vaults:4 | Found the necklace of Bloodlust {*Rage Will++ Int-3 Slay+6}
 67965 | Vaults:4 | Found a runed translucent door.
 67966 | Vaults:4 | Found a transporter.
 68427 | Crypt:2  | Noticed a dread lich
 68427 | Crypt:2  | Noticed an ancient lich
 68427 | Crypt:2  | Noticed a dread lich
 68431 | Crypt:2  | Killed a dread lich
 68431 | Crypt:2  | Killed an ancient lich
 68432 | Crypt:2  | Killed a dread lich
 68870 | Zot:1    | Entered Level 1 of the Realm of Zot
 69642 | Zot:1    | Noticed an orb of fire
 69645 | Zot:1    | Gained mutation: Your magical capacity is low. (-10% MP)
                  | [an orb of fire]
 69648 | Zot:1    | Killed an orb of fire
 69823 | Zot:1    | Reached skill level 10 in Necromancy
 70303 | Zot:2    | Gained mutation: You are extremely robust. (+30% HP)
                  | [demonic ancestry]
 70303 | Zot:2    | Reached XP level 26. HP: 263/304 MP: 37/43
 70538 | Zot:2    | Gained mutation: You sometimes lose the ability to read
                  | scrolls when taking damage. [mutagenic glow]
 70611 | Zot:1    | Lost mutation: Your magical capacity is low. (-10% MP)
                  | [potion of mutation]
 70611 | Zot:1    | Lost mutation: You sometimes lose the ability to read
                  | scrolls when taking damage. [potion of mutation]
 70611 | Zot:1    | Gained mutation: You are agile. (Dex +2) [potion of
                  | mutation]
 70611 | Zot:1    | Gained mutation: You have a somewhat thin skeletal
                  | structure. (Dex +2, Stealth+) [potion of mutation]
 70611 | Zot:1    | Gained mutation: You have hidden genetic potential. [potion
                  | of mutation]
 70611 | Zot:1    | Gained mutation: Your spells are a little harder to cast,
                  | but a little more powerful. [potion of mutation]
 71841 | Zot:4    | Reached skill level 10 in Transmutations
 73442 | Zot:5    | Entered Level 5 of the Realm of Zot
 74526 | Depths:4 | Bought a ring of wizardry for 330 gold pieces
 74751 | Zot:5    | Acquired 1097 gold pieces
 74903 | Zot:5    | Noticed an ancient lich
 74907 | Zot:5    | Noticed an orb of fire
 74914 | Zot:5    | Killed an ancient lich
 74917 | Zot:5    | Killed an orb of fire
 75055 | Zot:5    | Reached XP level 27. HP: 313/313 MP: 30/48
 75172 | Zot:5    | Noticed an orb of fire
 75173 | Zot:5    | Noticed an orb of fire
 75201 | Zot:5    | Killed an orb of fire
 75342 | Zot:5    | Noticed an ancient lich
 75426 | Zot:5    | Noticed an orb of fire
 75428 | Zot:5    | Killed an ancient lich
 75437 | Zot:5    | Killed an orb of fire
 75718 | Zot:5    | Noticed an ancient lich
 75722 | Zot:5    | Killed an ancient lich
 75733 | Zot:5    | Killed an orb of fire
 75978 | Zot:5    | Gained mutation: You are occasionally teleported next to
                  | monsters. [mutagenic glow]
 76554 | Slime:1  | Entered Level 1 of the Pits of Slime
 77045 | Slime:5  | Entered Level 5 of the Pits of Slime
 77359 | Slime:4  | Lost mutation: Your spells are a little harder to cast, but
                  | a little more powerful. [potion of mutation]
 77359 | Slime:4  | Lost mutation: You have a somewhat thin skeletal structure.
                  | (Dex +2, Stealth+) [potion of mutation]
 77359 | Slime:4  | Gained mutation: Your magical capacity is low. (-10% MP)
                  | [potion of mutation]
 77359 | Slime:4  | Lost mutation: You are strong-willed. (Will+) [potion of
                  | mutation]
 77360 | Slime:4  | Lost mutation: Your magical capacity is low. (-10% MP)
                  | [potion of mutation]
 77360 | Slime:4  | Lost mutation: You are agile. (Dex +2) [potion of mutation]
 77360 | Slime:4  | Lost mutation: You have hidden genetic potential. [potion
                  | of mutation]
 77360 | Slime:4  | Gained mutation: You expend magic power (3 MP) to
                  | strengthen your wands. [potion of mutation]
 77360 | Slime:4  | Gained mutation: Your muscles are strong. (Str +2) [potion
                  | of mutation]
 77360 | Slime:4  | Gained mutation: Your muscles are very strong. (Str +4)
                  | [potion of mutation]
 77360 | Slime:4  | Gained mutation: You are agile. (Dex +2) [potion of
                  | mutation]
 77361 | Slime:4  | Lost mutation: You expend magic power (3 MP) to strengthen
                  | your wands. [potion of mutation]
 77361 | Slime:4  | Lost mutation: You are occasionally teleported next to
                  | monsters. [potion of mutation]
 77361 | Slime:4  | Gained mutation: You passively dampen the noise of your
                  | surroundings. [potion of mutation]
 77407 | Slime:4  | Learned a level 8 spell: Ignition
 77451 | Slime:5  | Noticed the Royal Jelly
 77838 | Slime:5  | Killed the Royal Jelly
 78059 | Slime:5  | Identified the +0 hat of Noon {Will+ rCorr Str-3 Int+3}
 78090 | Slime:5  | Got a slimy rune of Zot
 78105 | Slime:5  | Identified the +1 leather armour "Wydyh" {rCorr}
 78167 | Slime:5  | Identified the +4 long sword of Ukhloqi {vorpal, rN++ MP+9
                  | Str-5}
 78586 | Hell     | Entered the Vestibule of Hell
 78594 | Hell     | Noticed Geryon
 78629 | Hell     | Killed Geryon
 79860 | Hell     | Found a gateway to the Iron City of Dis.
 79915 | Hell     | Found a gateway to the ashen valley of Gehenna.
 79954 | Hell     | Found a gateway to the decaying netherworld of Tartarus.
 80119 | Hell     | Found a gateway to the freezing wastes of Cocytus.
 80287 | Coc:1    | Entered Level 1 of Cocytus
 80385 | Coc:2    | Noticed a dread lich
 80388 | Coc:2    | Killed a dread lich
 80393 | Coc:2    | Reached skill level 15 in Necromancy
 80649 | Coc:4    | Reached skill level 10 in Fire Magic
 80763 | Coc:7    | Entered Level 7 of Cocytus
 80980 | Coc:7    | Noticed the Serpent of Hell
 81188 | Hell     | Killed the Serpent of Hell
 81438 | Coc:7    | Noticed Antaeus
 81716 | Coc:7    | Paralysed by a wendigo for 1 turns
 81759 | Coc:7    | Identified the ring "Muca" {rPois rC- Slay+4 Stlth+}
 81768 | Coc:7    | Paralysed by a wendigo for 1 turns
 81772 | Coc:7    | Paralysed by a wendigo for 1 turns
 81775 | Coc:7    | Reached skill level 15 in Armour
 81775 | Coc:7    | Killed Antaeus
 81776 | Coc:7    | Reached skill level 15 in Transmutations
 81897 | Coc:7    | Got an icy rune of Zot
 81898 | Coc:7    | Identified the +7 short sword of Firero {antimagic, Contam
                  | rC+ Str+2}
 82037 | Coc:7    | Identified the amulet "Wunn" {Will+ Regen+}
 82039 | Coc:7    | Identified the amulet "Kuczyvee" {Spirit Harm}
 82150 | Hell     | Learned a level 9 spell: Fire Storm
 82204 | Pan      | Entered Pandemonium
 82204 | Pan      | Found an exit through the horrors of the Abyss.
 82257 | Pan      | Noticed Luinuas the pandemonium lord
 82365 | Pan      | Killed Luinuas the pandemonium lord
 84276 | Pan      | Noticed Fouwn the pandemonium lord
 84279 | Pan      | Killed Fouwn the pandemonium lord
 84486 | Pan      | Found an exit through the horrors of the Abyss.
 85418 | Pan      | Took an exit into the Abyss.
 85418 | Abyss:1  | Escaped into the Abyss
 85520 | Abyss:1  | Paralysed by accursed screaming for 2 turns
 86475 | Abyss:4  | Got an abyssal rune of Zot
 86483 | Depths:2 | Escaped the Abyss
 86592 | Dis:1    | Entered Level 1 of the Iron City of Dis
 87651 | Dis:6    | Reached skill level 15 in Fire Magic
 87658 | Dis:6    | HP: 15/326 [caustic shrike (15)]
 87902 | Tar:1    | Entered Level 1 of Tartarus
 88334 | Tar:2    | Reached skill level 1 in Translocations
 88721 | Tar:3    | Noticed an ancient lich
 88723 | Tar:3    | Killed an ancient lich
 88723 | Tar:3    | You are sucked into a shaft and drop 3 floors!
 88740 | Tar:6    | HP: 2/326 [reaper/+2 scythe of protection[a doom hound]
                  | (24)]
 88741 | Tar:6    | Slain by a profane servitor

Illustrated notes

Levels and vault maps discovered:
D:1:      roderic_chinese_lattice_arrival, layout_rooms, chequers_big_river
D:2:      layout_basic, hellmonk_ecumenical_altar_leap_of_faith
D:3:      layout_basic, gup_sewer_entry_spiral, kennysheep_cluttered_room,
          uniq_terence
D:4:      layout_rooms, interstate_on_off
D:5:      layout_layer_cave, amcnicky_mini_pool_small, uniq_menkaure
D:6:      layout_gridville, minmay_temple_entry_crystal_x
D:7:      layout_gridville
D:8:      layout_loops_cross, uniq_harold
D:9:      layout_basic, nicolae_shop_firing_range
D:10:     layout_cave_pods, grunt_temple_overflow_lords_of_destruction,
          nicolae_overflow_hallway_of_the_gods, david_lair_generic,
          enter_bailey_2, minmay_shattered_shrine, uniq_joseph, uniq_sonja,
          uniq_urug
D:11:     minmay_gate_of_8, layout_gridville, nicolae_trove_entry_crystal,
          minmay_curled_crystal, kennysheep_opposing_triangles
D:12:     layout_stronghold, erik_orc_2, trog_hazing_becter
D:13:     layout_gridville, portal_ice_cave_entry_animals_and_master
D:14:     layout_loops_corners, david_vaults_4, nicolae_tso_swordbearing_angel,
          serial_glass, glass_columns_a, glass_columns_c, glass_columns_b,
          glass_columns_a, glass_columns_a, glass_columns_c, serial_shops, shop,
          shop, shop
D:15:     hangedman_depths_entry_try_elsewhere_first, layout_basic,
          small_statue_intersection
Temple:   nicolae_temple_figure_eight
Lair:1:   layout_small_grid, nicolae_lair_lindhole, uniq_maggie
Lair:2:   layout_misc_corridors, dummy_snake_entry, gauntlet_entry_generic,
          ebering_ghost_inner_flame, nicolae_quartered_pool_little,
          kennysheep_snail_temple, grunt_megastairs_5
Lair:3:   layout_hall_layers
Lair:4:   layout_roguey, minmay_swamp_entry_reptiles,
          chequers_serial_rivers_micro_e, lemuel_fruit_fields
Lair:5:   layout_roguey, pond
Lair:6:   guppyfry_lair_end_dragon, layout_regular_city, wormcave,
          slime_altar_1, lookout_lair_type, infiniplex_staircase_pool
Swamp:1:  layout_falls_marsh, evilmike_swamp_ruin_house_4, uniq_jorgrun
Swamp:2:  layout_falls_marsh, nicolae_swamp_orc_logging_accident
Swamp:3:  layout_falls_marsh, nicolae_swamp_well_well_well,
          nicolae_swamp_godswood, cheibrodos_swamp_minitomb
Swamp:4:  swamp_basic_johnstein, layout_basic_swamp, swamp_pool2
Snake:1:  layout_grid_maze, minmay_shoptagon, serial_bayou_shore_b
Snake:2:  layout_grid_shapes
Snake:3:  layout_misc_corridors, serial_bayou_shore_a
Snake:4:  grunt_snake_rune_pools, layout_rooms, grunt_ministairs_6,
          st_stairs_11, nicolae_large_snake_swirl
Slime:1:  layout_caves
Slime:2:  layout_caves
Slime:3:  layout_caves
Slime:4:  layout_caves, basic_altar
Slime:5
Orc:1:    layout_caves
Orc:2:    grunt_orc_tribal_feast, layout_diamond_mine
Elf:1:    eino_elf_arrival_sip, layout_onion_city, serial_shops, shop, shop,
          shop, minmay_elf_sorcery, nicolae_wooded_promenade,
          minmay_fountain_box, minmay_elf_necromancy
Elf:2:    elven_hall_of_blades_hangedman_original
          [infiniplex_blade_entry_pillars], layout_loops_cross, hex_large,
          nicolae_fountain_basement, uniq_azrael, uniq_saint_roka, uniq_agnes,
          uniq_donald
Elf:3:    minmay_elf_hall_dome, layout_loops_cross, drop_trap
Vaults:1: vaults_mumra_chevron, ontoclasm_vaults_pinch,
          nicolae_vaults_border_crossing, v_misc_18,
          nicolae_vaults_three_branches, v_pattern_3,
          nicolae_vaults_diagonal_hallway_6, nicolae_vaults_little_squares_5,
          nicolae_vaults_little_ls, nicolae_vaults_little_squares_3, v_misc_26,
          vaults_standard_mumra_enter_the_diamond, vaults_room_pool, v_misc_15,
          ontoclasm_vaults_decontamination, layout_vaults_ring
Vaults:2: nicolae_vaults_network_s, grunt_vaults_focal,
          vaults_mumra_chevron_long, vaults_dpeg_doors,
          hangedman_vaults_corner_blocks, vaults_room_stairs_pillars,
          v_pattern_4, layout_vaults_omnicross
Vaults:3: vaults_room_hangedman_quadrants, vaults_room_fancy_cross,
          ontoclasm_vaults_ligature, hangedman_vaults_impose,
          vaults_dpeg_spiral, v_misc_23, nicolae_vaults_little_squares_6,
          vaults_standard_mumra_x, layout_vaults_big_room
Vaults:4: v_misc_28, vaults_room_semicircle, hangedman_vaults_stitches,
          emtedronai_trogs_sanctum, v_alt_pattern_6, v_pattern_5,
          grunt_vaults_funnel, hangedman_vaults_snaps, layout_vaults_omnibox,
          serial_shops, shop
Vaults:5: serial_shops
Crypt:1:  layout_chaotic_city, basic_altar, uniq_aizul
Crypt:2:  layout_regular_city, serial_sigils_hangedman_snap, door_vault,
          uniq_xtahua
Crypt:3:  evilmike_haunted_forest
Depths:1: layout_gridlike, hangedman_decor_push, hellmouth_2,
          roderic_serpentine_path, serial_bayou_crossing
Depths:2: minmay_expanding_squares, layout_cave_shapes, enter_ziggurat_c,
          nicolae_BIG_FREAKIN_CUBE, nicolae_abyss_entry_one_way_or_another,
          rand_demon_pan_entry_5, grunt_hell_entry_dis_grunt, uniq_enchantress,
          uniq_asterion, uniq_mara
Depths:3: minmay_outward_triangles, layout_gridville, pf_hell_entry_tar_river,
          abyss_entry, special_room [special_room_mythical_zoo],
          kennysheep_random_hallway, serial_bayou_shore_b, firewood_loft
Depths:4: grunt_zot_entry_pinwheel, layout_basic, pf_coc_iceberg, serial_shops,
          nicolae_shop_bloodbath_and_beyond, kiku_gazebo_garden_becter,
          nicolae_uskayaw_dance_hall, minmay_shop_grove
Hell
Dis:1:    layout_subdivisions
Dis:2:    layout_gridville, nicolae_dis_distal_crystal
Dis:3:    layout_subdivisions
Dis:4:    layout_jigsaw
Dis:5:    layout_gridville, hangedman_dis_decor_tower
Dis:6:    layout_regular_city
Coc:1:    nicolae_coc_icebeans_plural [nicolae_sub_coc_subbean,
          nicolae_sub_coc_subbean, nicolae_sub_coc_subbean,
          nicolae_sub_coc_subbean], layout_cocytus_water_paths
Coc:2:    layout_ice_bergs
Coc:3:    layout_cocytus_delve
Coc:4:    layout_cocytus_delve
Coc:5:    nicolae_hells_giants_party, layout_cocytus_delve, serial_ice,
          serial_ice_h, serial_ice_b
Coc:6:    layout_cocytus_water_paths
Coc:7:    coc_hangedman
Tar:1:    layout_grid_maze
Tar:2:    layout_honeycomb
Tar:3:    nicolae_tar_honey_stairs, layout_cathedral_of_symmetry
Tar:6:    layout_cathedral_of_symmetry
Zot:1:    layout_basic
Zot:2:    layout_gridville
Zot:3:    grunt_zot_stairs_faceoff, layout_concentric_octagons, lemuel_elevator
Zot:4:    nicolae_zot_stationary_front, layout_gridlike
Zot:5:    layout_gridlike

Skill      XL: |  1  2  3  4  5  6  7  8  9 10 11 12 13 14 15 16 17 18 19 20 21 22 23 24 25 26 27 |
---------------+----------------------------------------------------------------------------------+-----
Transmutations | 1 5 6 8 12 15 | 15.0
Fighting       | 1 2 3 4 5 7 8 10 11 13 14 15 16 17 18 19 20 21 24 | 24.0
Earth Magic    | 3 4 5 6 8 9 10 11 12 14 17 19 20 21 | 21.7
Armour         | 1 2 3 4 5 6 7 8 9 10 11 12 15 | 15.0
Spellcasting   | 3 4 5 6 8 9 10 12 13 14 16 17 19 20 21 24 | 24.0
Conjurations   | 1 3 4 5 6 8 9 10 11 12 13 14 15 17 | 17.9
Shields        | 3 6 8 9 11 12 13 14 15 16 17 20 | 20.5
Stealth        | 3 |  3.0
Dodging        | 3 |  3.0
Fire Magic     | 3 5 6 15 | 15.0
Air Magic      | 1 |  1.0
Necromancy     | 2 6 8 9 10 12 18 | 18.0
Evocations     | 1 |  1.0
Translocations | 1 |  1.0

Action                   |  1- 3 |  4- 6 |  7- 9 | 10-12 | 13-15 | 16-18 | 19-21 | 22-24 | 25-27 || total
-------------------------+-------+-------+-------+-------+-------+-------+-------+-------+-------++-------
Melee: Spear             |   118 |   108 |    65 |    25 |     9 |       |       |       |       ||   325
       Punch             |     3 |     1 |     1 |       |       |       |       |       |       ||     5
       Touch             |    14 |    19 |     9 |     5 |     4 |       |       |       |       ||    51
       Whip              |       |       |     6 |       |       |       |       |       |       ||     6
       Hand axe          |       |       |       |       |     3 |       |       |       |       ||     3
       Short sword       |       |       |       |       |    72 |       |       |       |       ||    72
       Falchion          |       |       |       |       |   154 |    77 |   276 |   261 |   497 ||  1265
       Staff             |       |       |       |       |       |       |       |     2 |     9 ||    11
       Long sword        |       |       |       |       |       |       |       |    18 |    16 ||    34
Throw: Throwing net      |       |       |       |       |       |       |       |       |     5 ||     5
 Cast: Sandblast         |    17 |    40 |    67 |    40 |    29 |    55 |    13 |    23 |       ||   284
       Stone Arrow       |       |     6 |   109 |   251 |   623 |   291 |     1 |     2 |     4 ||  1287
       Passwall          |       |     2 |       |       |     2 |     6 |     1 |       |     4 ||    15
       Mephitic Cloud    |       |       |       |    14 |    19 |     3 |       |       |       ||    36
       Freezing Cloud    |       |       |       |       |     5 |    65 |    68 |    28 |    15 ||   181
       Starburst         |       |       |       |       |       |    23 |    15 |    24 |     2 ||    64
       Iskenderun's Batt |       |       |       |       |       |    35 |     1 |       |       ||    36
       Iron Shot         |       |       |       |       |       |   256 |   159 |   484 |   677 ||  1576
       Swiftness         |       |       |       |       |       |     2 |     1 |     9 |    11 ||    23
       Borgnjor's Vile C |       |       |       |       |       |       |   227 |   328 |   428 ||   983
       Lehudib's Crystal |       |       |       |       |       |       |       |     3 |    87 ||    90
       Shatter           |       |       |       |       |       |       |       |    16 |   264 ||   280
       Necromutation     |       |       |       |       |       |       |       |       |   116 ||   116
       Ignition          |       |       |       |       |       |       |       |       |    43 ||    43
       Fire Storm        |       |       |       |       |       |       |       |       |     1 ||     1
 Abil: End Transformatio |       |       |       |       |       |       |       |       |     6 ||     6
Evoke: Tin of tremorston |       |       |       |       |     2 |       |       |       |       ||     2
       Condenser vane    |       |       |       |       |       |     1 |       |       |     1 ||     2
       Wand              |       |       |       |       |       |       |     1 |       |     4 ||     5
  Use: Scroll            |       |       |     3 |     4 |    19 |    17 |     5 |     9 |    23 ||    80
       Potion            |       |       |     1 |     3 |     6 |     4 |       |     4 |    16 ||    34
 Stab: Sleeping          |     2 |     3 |     1 |       |     1 |       |       |       |       ||     7
       Confused          |       |       |       |     1 |       |       |       |       |       ||     1
Armor: Robe              |    32 |    17 |    23 |    44 |     3 |       |       |    77 |       ||   196
       Leather armour    |       |    18 |    17 |       |   159 |   101 |   154 |   115 |   612 ||  1176
       Ice dragon scales |       |       |       |       |    13 |       |       |       |       ||    13
Dodge: Dodged            |    74 |    61 |    78 |    72 |   169 |   145 |   175 |   239 |   548 ||  1561
       Repelled          |       |       |     2 |       |     2 |    21 |    11 |     8 |       ||    44
Block: Kite shield       |       |       |       |       |   268 |   237 |   291 |   480 |  1429 ||  2705
       Reflection        |       |       |       |       |       |    36 |    39 |    15 |    48 ||   138
